[Event "ESCC-50 2022"]
[Site "Lublin"]
[Date "2022.07.11"]
[Round "7.1"]
[White "Mrva, Martin"]
[Black "Garabetyan, Arno"]
[Result "1/2-1/2"]
[ECO "B47"]
[WhiteElo "2385"]
[BlackElo "2056"]
[Annotator "ChessBase"]
[PlyCount "105"]
[EventDate "2022.07.05"]
[EventType "swiss"]
[EventCountry "POL"]
[SourceTitle "playchess.com"]
[Source "ChessBase"]
[SourceQuality "1"]
[TimeControl "40/5400+30:1800+30"]

1. e4 c5 2. Nf3 e6 3. Nc3 Nc6 4. d4 cxd4 5. Nxd4 Qc7 6. g3 a6 7. Bg2 Nf6 8. O-O Nxd4 9. Qxd4 Bc5 10. Qd2 O-O 11. b3 e5 12. Na4 d6 13. Qc3 Be6 14. Nxc5 dxc5 15. f4 Rfe8 16. Bb2 Rad8 17. fxe5 Nd7 18. Rad1 b5 19. Rd6 b4 20. Qd2 a5 21. Qg5 h6 22. Qh4 Nf8 23. Rfd1 Rb8 24. Bf1 c4 25. Qh5 cxb3 26. cxb3 Qc2 27. Qe2 Rec8 28. R1d2 Qb1 29. Bd4 Bh3 30. Rd1 Bxf1 31. Kxf1 Rc1 32. Bf2 Rbc8 33. Kg2 R8c2 34. Qf3 Rxd1 35. Rxd1 Qb2 36. Rd5 a4 37. Rb5 Qxa2 38. e6 Nxe6 39. Rb7 Nd8 40. Rb8 Rd2 41. bxa4 b3 42. Qe3 Qc2 43. Qb6 Qxe4+ 44. Kh3 b2 45. Qa5 Rxf2 46. Qxd8+ Kh7 47. Qg8+ Kg6 48. Rb6+ f6 49. Qc8 Qg2+ 50. Kh4 Qxh2+ 51. Qh3 Qg1 52. Rxb2 Rxb2 53. Qg4+ 1/2-1/2

[Event "ESCC-50 2022"]
[Site "Lublin"]
[Date "2022.07.11"]
[Round "7.2"]
[White "Druckenthaner, Andreas"]
[Black "Klimaszewski, Dariusz"]
[Result "1/2-1/2"]
[ECO "B33"]
[WhiteElo "2272"]
[BlackElo "2152"]
[Annotator "ChessBase"]
[PlyCount "83"]
[EventDate "2022.07.05"]
[EventType "swiss"]
[EventCountry "POL"]
[SourceTitle "playchess.com"]
[Source "ChessBase"]
[SourceQuality "1"]
[TimeControl "40/5400+30:1800+30"]

1. e4 c5 2. Nf3 Nc6 3. Nc3 e6 4. d4 cxd4 5. Nxd4 Nf6 6. Ndb5 d6 7. Bf4 e5 8. Bg5 a6 9. Na3 b5 10. Nd5 Be7 11. Bxf6 Bxf6 12. g3 Ne7 13. Nxf6+ gxf6 14. Bg2 Bb7 15. O-O f5 16. exf5 Bxg2 17. Kxg2 Nxf5 18. Qf3 Qc8 19. c3 Rg8 20. Kh1 Rb8 21. Nc2 a5 22. Ne3 Nxe3 23. fxe3 Qb7 24. e4 Rg6 25. Rad1 Rc8 26. Rd5 Rc6 27. a4 bxa4 28. Rxa5 Kf8 29. Rxa4 Rb6 30. b4 d5 31. Qe3 Rgf6 32. Rfa1 dxe4 33. Ra8+ Kg7 34. Qg5+ Rg6 35. Qxe5+ Rbf6 36. R8a7 Qc8 37. Rf1 Qc4 38. Rxf6 Rxf6 39. Qg5+ Rg6 40. Qe5+ Rf6 41. Qg5+ Rg6 42. Qe5+ 1/2-1/2

[Event "ESCC-50 2022"]
[Site "Lublin"]
[Date "2022.07.11"]
[Round "7.3"]
[White "Lilja, Richard"]
[Black "Tereladze, Sopiko"]
[Result "0-1"]
[ECO "A01"]
[WhiteElo "2131"]
[BlackElo "2141"]
[Annotator "ChessBase"]
[PlyCount "82"]
[EventDate "2022.07.05"]
[EventType "swiss"]
[EventCountry "POL"]
[SourceTitle "playchess.com"]
[Source "ChessBase"]
[SourceQuality "1"]
[TimeControl "40/5400+30:1800+30"]

1. b3 e5 2. Bb2 Nc6 3. c4 Nf6 4. Nc3 d5 5. cxd5 Nxd5 6. e3 Be6 7. Nxd5 Qxd5 8. Nf3 e4 9. Bc4 Qd6 10. Bxe6 exf3 11. Bh3 fxg2 12. Bxg2 Rd8 13. d4 Qh6 14. a3 Bd6 15. Bxc6+ bxc6 16. Qf3 O-O 17. O-O-O Qe6 18. e4 f5 19. e5 Be7 20. Rhg1 Rd5 21. Rd3 Rb8 22. Qh5 Qf7 23. Qh6 g6 24. Rh3 Qg7 25. Qd2 Qf8 26. Qc2 Rb6 27. Rhg3 Kh8 28. Qe2 Qh6+ 29. Kb1 Kg7 30. Qd3 Qf4 31. Ka2 Rdb5 32. Qc4 Rd5 33. Qe2 a5 34. Rd3 Qxh2 35. Qf1 Qf4 36. Bc1 Qe4 37. Bb2 Rdb5 38. f3 Qd5 39. Qd1 Rxb3 40. Rxb3 a4 41. Qd3 Rxb3 0-1

[Event "ESCC-50 2022"]
[Site "Lublin"]
[Date "2022.07.11"]
[Round "7.4"]
[White "Lasinskas, Povilas"]
[Black "Padrak, Rafal"]
[Result "1-0"]
[ECO "D43"]
[WhiteElo "2096"]
[BlackElo "2125"]
[Annotator "ChessBase"]
[PlyCount "61"]
[EventDate "2022.07.05"]
[EventType "swiss"]
[EventCountry "POL"]
[SourceTitle "playchess.com"]
[Source "ChessBase"]
[SourceQuality "1"]
[TimeControl "40/5400+30:1800+30"]

1. d4 Nf6 2. c4 e6 3. Nc3 d5 4. Nf3 c6 5. Bg5 Be7 6. e3 O-O 7. Qc2 h6 8. Bh4 Nbd7 9. Be2 dxc4 10. Bxc4 a6 11. O-O b5 12. Be2 Bb7 13. Rfd1 Qc7 14. e4 Nb6 15. Bxf6 Bxf6 16. e5 Be7 17. Ne4 Nd7 18. Rac1 Rac8 19. Qc3 b4 20. Qe3 Qa5 21. Nc5 Nxc5 22. dxc5 Rfd8 23. Rd6 Qxa2 24. b3 Qb2 25. Bd3 Bxd6 26. exd6 Qf6 27. Ne5 Ra8 28. Rc4 a5 29. Rf4 Qg5 30. h4 Qh5 31. Be2 1-0

[Event "ESCC-50 2022"]
[Site "Lublin"]
[Date "2022.07.11"]
[Round "7.5"]
[White "Wielosz, Jaroslaw"]
[Black "Zielinski, Olgierd"]
[Result "1-0"]
[ECO "A04"]
[WhiteElo "1891"]
[BlackElo "1816"]
[Annotator "NA"]
[PlyCount "77"]
[EventDate "2022.07.05"]
[EventType "swiss"]
[EventCountry "POL"]
[SourceTitle "playchess.com"]
[Source "ChessBase"]
[SourceQuality "1"]
[TimeControl "40/5400+30:1800+30"]

1. Nf3 c5 2. c4 Nc6 3. Nc3 Nd4 4. e3 Nxf3+ 5. Qxf3 Nf6 6. d4 d6 7. Qd1 Bd7 8. Be2 g6 9. O-O Bg7 10. d5 Qc7 11. e4 h5 12. h3 h4 13. Bg5 Nh5 14. Bg4 Bf6 15. Bxd7+ Qxd7 16. Bxf6 exf6 17. f4 Ng3 18. Rf3 Rh5 19. Re3 Kf8 20. Ne2 Nxe2+ 21. Qxe2 Re8 22. Re1 Re7 23. Qc2 Kg7 24. Qc3 Qe8 25. b3 a6 26. a4 b5 27. axb5 axb5 28. R3e2 bxc4 29. bxc4 Rf5 30. Qd2 Rh5 31. Qb2 Qa4 32. e5 fxe5 33. fxe5 Rhxe5 34. Rxe5 Rxe5 35. Rxe5 dxe5 36. Qxe5+ Kh7 37. d6 Qxc4 38. d7 Qd3 39. Qc7 1-0

[Event "ESCC-50 2022"]
[Site "Lublin"]
[Date "2022.07.11"]
[Round "7.6"]
[White "Baliuniene, Margarita"]
[Black "Pietinen, Pekka"]
[Result "1-0"]
[ECO "A41"]
[WhiteElo "1935"]
[BlackElo "1937"]
[Annotator "ChessBase"]
[PlyCount "47"]
[EventDate "2022.07.05"]
[EventType "swiss"]
[EventCountry "POL"]
[SourceTitle "playchess.com"]
[Source "ChessBase"]
[SourceQuality "1"]
[TimeControl "40/5400+30:1800+30"]

1. d4 d6 2. Nf3 g6 3. g3 b6 4. Bg2 Bb7 5. c4 Nd7 6. Nc3 Bg7 7. e4 e6 8. O-O Ne7 9. Be3 O-O 10. Rc1 h6 11. Qd2 Kh7 12. b4 Rb8 13. d5 exd5 14. cxd5 f5 15. Nd4 Bxd4 16. Bxd4 fxe4 17. Bxe4 Nf6 18. Bxf6 Rxf6 19. Nb5 Ba6 20. a4 Bxb5 21. axb5 Qd7 22. Qc3 Rf7 23. Qxc7 Ng8 24. Qxb8 1-0

[Event "ESCC-50 2022"]
[Site "Lublin"]
[Date "2022.07.11"]
[Round "7.7"]
[White "Leszner, Liliana"]
[Black "Puroila, Sippo"]
[Result "1-0"]
[ECO "C47"]
[WhiteElo "1872"]
[BlackElo "1803"]
[Annotator "NA"]
[PlyCount "105"]
[EventDate "2022.07.05"]
[EventType "swiss"]
[EventCountry "POL"]
[SourceTitle "playchess.com"]
[Source "ChessBase"]
[SourceQuality "1"]
[TimeControl "40/5400+30:1800+30"]

1. e4 e5 2. Nf3 Nf6 3. Nc3 Nc6 4. Bc4 h6 5. O-O d6 6. h3 Be7 7. d4 exd4 8. Nxd4 Ne5 9. Bb3 c5 10. Nf5 Bxf5 11. exf5 O-O 12. f4 Nc6 13. Nd5 Nd4 14. Nxf6+ Bxf6 15. Bd5 Nxf5 16. c3 Rb8 17. g4 Ne7 18. g5 Nxd5 19. Qxd5 hxg5 20. fxg5 Be5 21. Bf4 g6 22. Rae1 b6 23. h4 Qd7 24. Bxe5 Qg4+ 25. Qg2 Qxg2+ 26. Kxg2 dxe5 27. Rxe5 Rb7 28. Rd1 Kg7 29. Rd6 Rc8 30. Kf3 Rh8 31. Re4 Rc7 32. Ke3 Rb8 33. b3 Rbb7 34. Kd3 Rd7 35. Rxd7 Rxd7+ 36. Kc4 f5 37. gxf6+ Kxf6 38. Rf4+ Ke5 39. Rg4 Kf5 40. Rg5+ Kf6 41. Kb5 Rh7 42. Rg4 Kf5 43. Rc4 Kf6 44. a4 Rb7 45. Kc6 Re7 46. a5 Ke5 47. axb6 Re6+ 48. Kxc5 Rxb6 49. b4 Rb8 50. b5 Rc8+ 51. Kb4 Rxc4+ 52. Kxc4 Kf4 53. Kd5 1-0

[Event "ESCC-50 2022"]
[Site "Lublin"]
[Date "2022.07.11"]
[Round "7.8"]
[White "Babijczuk, Wojciech"]
[Black "Kirszenberg, Marc"]
[Result "0-1"]
[ECO "B18"]
[WhiteElo "1436"]
[BlackElo "2056"]
[Annotator "ChessBase"]
[PlyCount "58"]
[EventDate "2022.07.05"]
[EventType "swiss"]
[EventCountry "POL"]
[SourceTitle "playchess.com"]
[Source "ChessBase"]
[SourceQuality "1"]
[TimeControl "40/5400+30:1800+30"]

1. e4 c6 2. d4 d5 3. Nc3 dxe4 4. Nxe4 Bf5 5. Ng3 Bg6 6. h4 h6 7. h5 Bh7 8. Nf3 Nd7 9. Bd3 Bxd3 10. Qxd3 e6 11. O-O Ngf6 12. Re1 Be7 13. Bf4 O-O 14. Rad1 c5 15. c3 cxd4 16. cxd4 Nb6 17. Ne5 Nbd5 18. Bc1 Nb4 19. Qe2 Nxa2 20. Ng6 Nxc1 21. Rxc1 Re8 22. Nxe7+ Rxe7 23. Rcd1 Rd7 24. Qf3 Rc8 25. b3 Rd5 26. Re2 Rxd4 27. Rxd4 Rc1+ 28. Kh2 Qxd4 29. Qxb7 Qh4# 0-1

[Event "ESCC-50 2022"]
[Site "Lublin"]
[Date "2022.07.11"]
[Round "7.9"]
[White "Chwalewski, Marek"]
[Black "Krzyzanowska-Zadlo, Lidia"]
[Result "1-0"]
[ECO "D02"]
[WhiteElo "1774"]
[BlackElo "1732"]
[Annotator "NA"]
[PlyCount "133"]
[EventDate "2022.07.05"]
[EventType "swiss"]
[EventCountry "POL"]
[SourceTitle "playchess.com"]
[Source "ChessBase"]
[SourceQuality "1"]
[TimeControl "40/5400+30:1800+30"]

1. Nf3 d5 2. d4 Nf6 3. g3 Bf5 4. Bg2 e6 5. Bg5 Nbd7 6. O-O h6 7. Bxf6 Qxf6 8. c3 Bd6 9. Nbd2 O-O 10. Ne1 Qg6 11. c4 c6 12. c5 Bc7 13. Ndf3 e5 14. Nh4 Qf6 15. Nxf5 Qxf5 16. e3 exd4 17. exd4 Rfe8 18. Qd3 Qxd3 19. Nxd3 Re2 20. b4 Rd2 21. Rfd1 Rxd1+ 22. Rxd1 a6 23. a4 Kf8 24. Bh3 Nf6 25. f3 g6 26. Kf2 Nh5 27. Rb1 Ke7 28. Rb2 Ng7 29. b5 axb5 30. axb5 Ne6 31. Re2 Ra4 32. Bxe6 fxe6 33. b6 Bb8 34. Ke3 g5 35. f4 Ra3 36. Rf2 gxf4+ 37. gxf4 Kf6 38. h4 Kf5 39. h5 Kg4 40. Rg2+ Kf5 41. Rf2 Kg4 42. Rf1 Kf5 43. Rf2 Kg4 44. Rg2+ Kf5 45. Rg7 Bxf4+ 46. Ke2 Ke4 47. Nxf4 Kxf4 48. Rxb7 Ke4 49. Ra7 Rb3 50. Ra4 Rb2+ 51. Kd1 Kd3 52. Kc1 Rb3 53. Ra2 Kxd4 54. Rb2 Rg3 55. b7 Rg1+ 56. Kc2 Rg2+ 57. Kb1 Rg1+ 58. Ka2 Rg8 59. b8=Q Rxb8 60. Rxb8 e5 61. Kb2 e4 62. Kc2 Kxc5 63. Rh8 d4 64. Rxh6 Kd5 65. Rh8 c5 66. Rd8+ Ke5 67. h6 1-0

[Event "ESCC-50 2022"]
[Site "Lublin"]
[Date "2022.07.11"]
[Round "7.10"]
[White "Warnk, Torsten"]
[Black "Chlewinski, Artur"]
[Result "1-0"]
[ECO "A48"]
[WhiteElo "1763"]
[BlackElo "1417"]
[Annotator "NA"]
[PlyCount "57"]
[EventDate "2022.07.05"]
[EventType "swiss"]
[EventCountry "POL"]
[SourceTitle "playchess.com"]
[Source "ChessBase"]
[SourceQuality "1"]
[TimeControl "40/5400+30:1800+30"]

1. d4 Nf6 2. Nf3 g6 3. Bf4 Bg7 4. c4 d6 5. Nc3 O-O 6. e3 b6 7. Be2 Bb7 8. O-O Nbd7 9. Rc1 c5 10. d5 Ng4 11. Nd2 Nge5 12. Bg3 f5 13. f4 Nf7 14. Qc2 a6 15. e4 Nh6 16. Rce1 Bc8 17. Bd3 Bd4+ 18. Kh1 Nf6 19. Ne2 Nh5 20. Nxd4 Nxg3+ 21. hxg3 cxd4 22. Nf3 Ng4 23. Nxd4 Rf6 24. Be2 Ne3 25. Qd3 Nxf1 26. Bxf1 e5 27. dxe6 Bxe6 28. Nxe6 Rxe6 29. Qd5 1-0

[Event "ESCC-50 2022"]
[Site "Lublin"]
[Date "2022.07.12"]
[Round "8.1"]
[White "Tereladze, Sopiko"]
[Black "Mrva, Martin"]
[Result "0-1"]
[ECO "B40"]
[WhiteElo "2141"]
[BlackElo "2385"]
[Annotator "ChessBase"]
[PlyCount "106"]
[EventDate "2022.07.05"]
[EventType "swiss"]
[EventCountry "POL"]
[SourceTitle "playchess.com"]
[Source "ChessBase"]
[SourceQuality "1"]
[TimeControl "40/5400+30:1800+30"]

1. e4 c5 2. Nf3 e6 3. g3 Nc6 4. Bg2 Nf6 5. Nc3 d6 6. d4 cxd4 7. Nxd4 Bd7 8. O-O Be7 9. b3 O-O 10. Bb2 Qb6 11. Nxc6 Bxc6 12. Qe2 Rac8 13. Rad1 Rfe8 14. Rfe1 a6 15. Qe3 Qa5 16. a3 Qc7 17. Qd4 b5 18. h3 Qb7 19. Re2 a5 20. Rde1 Rc7 21. Kh2 b4 22. axb4 axb4 23. Na2 d5 24. exd5 Bxd5 25. Bxd5 Qxd5 26. Qf4 Qa5 27. Nc1 Rec8 28. Nd3 h6 29. Rc1 Qh5 30. g4 Qg5 31. Qxg5 hxg5 32. Be5 Rc6 33. Kg2 Nd5 34. Kf3 f6 35. Bb2 Kf7 36. Ba1 Ra8 37. Bd4 Ra2 38. Kg2 Bd6 39. Kf1 Ra8 40. Ra1 Rxa1+ 41. Bxa1 e5 42. Bb2 Ra6 43. f3 Ra2 44. Ke1 Ra8 45. Kf1 Ke6 46. Kf2 Rc8 47. Rd2 Bb8 48. Re2 Ba7+ 49. Kg3 Be3 50. Bc1 Nf4 51. Rxe3 Rxc2 52. Ne1 Rxc1 53. h4 gxh4+ 0-1

[Event "ESCC-50 2022"]
[Site "Lublin"]
[Date "2022.07.12"]
[Round "8.2"]
[White "Garabetyan, Arno"]
[Black "Lasinskas, Povilas"]
[Result "1/2-1/2"]
[ECO "E11"]
[WhiteElo "2056"]
[BlackElo "2096"]
[Annotator "ChessBase"]
[PlyCount "90"]
[EventDate "2022.07.05"]
[EventType "swiss"]
[EventCountry "POL"]
[SourceTitle "playchess.com"]
[Source "ChessBase"]
[SourceQuality "1"]
[TimeControl "40/5400+30:1800+30"]

1. Nf3 Nf6 2. c4 e6 3. d4 Bb4+ 4. Nbd2 a5 5. g3 b6 6. Bg2 Bb7 7. O-O Bxd2 8. Bxd2 d6 9. b3 Nbd7 10. Bc3 O-O 11. Rc1 Qe7 12. d5 e5 13. Nh4 g6 14. e4 Ne8 15. Bd2 Ng7 16. Bh6 f6 17. Qd2 Nc5 18. Rce1 Ba6 19. f4 b5 20. Qc2 bxc4 21. bxc4 Rab8 22. Nf3 Rb4 23. Nd2 Rfb8 24. Rb1 Qd7 25. fxe5 fxe5 26. Rxb4 axb4 27. Be3 Qa4 28. Nb3 Nd7 29. Rf2 c5 30. Qe2 Rf8 31. Rxf8+ Nxf8 32. Bf1 Nd7 33. Bg5 Nb6 34. Qc2 Bc8 35. Qf2 Qd7 36. Nxc5 dxc5 37. Qxc5 Na4 38. Qxb4 Qa7+ 39. Kg2 Nc5 40. Be3 Qxa2+ 41. Kg1 Nb7 42. Qe7 Qa1 43. Bh6 Qd4+ 44. Kh1 Qxe4+ 45. Kg1 Qd4+ 1/2-1/2

[Event "ESCC-50 2022"]
[Site "Lublin"]
[Date "2022.07.12"]
[Round "8.3"]
[White "Klimaszewski, Dariusz"]
[Black "Wielosz, Jaroslaw"]
[Result "1/2-1/2"]
[ECO "A02"]
[WhiteElo "2152"]
[BlackElo "1891"]
[Annotator "ChessBase"]
[PlyCount "104"]
[EventDate "2022.07.05"]
[EventType "swiss"]
[EventCountry "POL"]
[SourceTitle "playchess.com"]
[Source "ChessBase"]
[SourceQuality "1"]
[TimeControl "40/5400+30:1800+30"]

1. f4 Nf6 2. Nf3 g6 3. c4 c5 4. Nc3 d5 5. cxd5 Nxd5 6. g3 Bg7 7. Bg2 O-O 8. O-O Nxc3 9. dxc3 Nc6 10. Be3 Qxd1 11. Rfxd1 c4 12. Nd4 Nxd4 13. Bxd4 Be6 14. Rd2 Bxd4+ 15. cxd4 Rab8 16. d5 Bd7 17. a4 Rfc8 18. Rc2 a5 19. e4 Rc5 20. Bf1 Rbc8 21. Rc3 Kg7 22. Bg2 b6 23. e5 R8c7 24. Kf2 h5 25. Ke3 h4 26. Kd4 hxg3 27. hxg3 Rc8 28. Bf1 Rh8 29. Bxc4 Rcc8 30. Bd3 Rxc3 31. bxc3 Rh3 32. Rb1 Rxg3 33. Rxb6 Bxa4 34. c4 g5 35. f5 g4 36. c5 Rg1 37. Rb2 Kh6 38. c6 g3 39. Be4 Rd1+ 40. Ke3 Rc1 41. Kf4 Rc4 42. Rg2 e6 43. Ke3 exd5 44. Bd3 Bxc6 45. Rxg3 Rh4 46. e6 d4+ 47. Kd2 Rh2+ 48. Kc1 fxe6 49. Rg6+ Kh5 50. Rxe6 Rh1+ 51. Kd2 Rh2+ 52. Kc1 Rh1+ 1/2-1/2

[Event "ESCC-50 2022"]
[Site "Lublin"]
[Date "2022.07.12"]
[Round "8.4"]
[White "Lilja, Richard"]
[Black "Druckenthaner, Andreas"]
[Result "1-0"]
[ECO "C30"]
[WhiteElo "2131"]
[BlackElo "2272"]
[Annotator "ChessBase"]
[PlyCount "107"]
[EventDate "2022.07.05"]
[EventType "swiss"]
[EventCountry "POL"]
[SourceTitle "playchess.com"]
[Source "ChessBase"]
[SourceQuality "1"]
[TimeControl "40/5400+30:1800+30"]

1. e4 e5 2. f4 d6 3. d3 Nc6 4. Nf3 Nge7 5. Nc3 Ng6 6. f5 Nh4 7. Nxh4 Qxh4+ 8. g3 Qd8 9. Be3 g6 10. Bh3 gxf5 11. Qh5 f4 12. Bxc8 Rxc8 13. gxf4 exf4 14. Bxf4 Qf6 15. Rf1 Qg6 16. Qh3 Qe6 17. Qh5 Bg7 18. Kd2 Qg6 19. Qh3 Qe6 20. Qh5 O-O 21. Rg1 Kh8 22. Rg3 Rg8 23. Rag1 Bxc3+ 24. bxc3 Rxg3 25. Rxg3 Rg8 26. Rh3 Rg2+ 27. Kc1 Qg6 28. Bg3 Qxh5 29. Rxh5 f6 30. a4 Kg7 31. Rf5 Ne5 32. Bh4 Nd7 33. Rf2 Rg4 34. Bg3 h5 35. Bf4 b6 36. Kb2 Nc5 37. Ka3 Rg1 38. Be3 Ra1+ 39. Kb4 Nxa4 40. Kb5 Nxc3+ 41. Kc6 Ra4 42. Kxc7 d5 43. Bd2 Ra3 44. exd5 Nxd5+ 45. Kd6 Nc3 46. Ke6 Nb5 47. Rg2+ Kh7 48. Kxf6 Ra1 49. Rg7+ Kh8 50. Rg5 Rf1+ 51. Kg6 Rf2 52. Rd5 Kg8 53. Bh6 Rg2+ 54. Bg5 1-0

[Event "ESCC-50 2022"]
[Site "Lublin"]
[Date "2022.07.12"]
[Round "8.5"]
[White "Baliuniene, Margarita"]
[Black "Leszner, Liliana"]
[Result "0-1"]
[ECO "D11"]
[WhiteElo "1935"]
[BlackElo "1872"]
[Annotator "ChessBase"]
[PlyCount "60"]
[EventDate "2022.07.05"]
[EventType "swiss"]
[EventCountry "POL"]
[SourceTitle "playchess.com"]
[Source "ChessBase"]
[SourceQuality "1"]
[TimeControl "40/5400+30:1800+30"]

1. d4 d5 2. Nf3 Nf6 3. c4 c6 4. e3 a6 5. a4 e6 6. Nc3 a5 7. Bd3 Na6 8. O-O Nb4 9. Bb1 dxc4 10. Ne5 b6 11. Nxc4 Ba6 12. b3 Be7 13. Bb2 O-O 14. Qf3 Nbd5 15. Ne2 Bb4 16. Rd1 Ne7 17. Nf4 Bb7 18. Nd3 Ned5 19. Nxb4 axb4 20. e4 b5 21. exd5 bxc4 22. dxc6 Ba6 23. bxc4 Bxc4 24. Rc1 Bd5 25. Qd3 Qd6 26. c7 Rfc8 27. Qb5 Ra7 28. Bd3 Rb7 29. Qa6 Qf4 30. Bb5 Ng4 0-1

[Event "ESCC-50 2022"]
[Site "Lublin"]
[Date "2022.07.12"]
[Round "8.6"]
[White "Zielinski, Olgierd"]
[Black "Chwalewski, Marek"]
[Result "1-0"]
[ECO "B12"]
[WhiteElo "1816"]
[BlackElo "1774"]
[Annotator "NA"]
[PlyCount "121"]
[EventDate "2022.07.05"]
[EventType "swiss"]
[EventCountry "POL"]
[SourceTitle "playchess.com"]
[Source "ChessBase"]
[SourceQuality "1"]
[TimeControl "40/5400+30:1800+30"]

1. e4 c6 2. d4 g6 3. c4 d5 4. e5 h5 5. Nc3 Bh6 6. f4 Bf5 7. cxd5 cxd5 8. Qb3 Qd7 9. Qxd5 Nc6 10. Qxd7+ Bxd7 11. Be3 f6 12. Nf3 O-O-O 13. a3 Bg4 14. Rd1 fxe5 15. dxe5 Bxf3 16. Rxd8+ Kxd8 17. gxf3 Nxe5 18. Bxa7 Bxf4 19. Bb6+ Ke8 20. Bb5+ Nc6 21. Nd5 Be5 22. b3 e6 23. Ne3 Nge7 24. O-O Kf7 25. Rd1 Nc8 26. Rd7+ N6e7 27. Bc5 b6 28. Nc4 Bf4 29. Nxb6 Nxb6 30. Rxe7+ Kf6 31. Rb7 Nd5 32. Bd4+ e5 33. Bc5 Rc8 34. b4 Be3+ 35. Bxe3 Nxe3 36. Rb6+ Kg5 37. Rc6 Rd8 38. Kf2 Kf4 39. Be2 Rd2 40. Rxg6 Nf5 41. Ke1 Ra2 42. Rf6 Kg5 43. Rf8 Nd4 44. Bd1 Rxh2 45. a4 Nf5 46. Be2 Nd4 47. Bd3 Ra2 48. a5 h4 49. Bc4 Ra3 50. Kf2 h3 51. Bd5 Nf5 52. Rg8+ Kf6 53. Rh8 Ra4 54. Rxh3 Rxb4 55. a6 Ra4 56. Bb7 Ra2+ 57. Ke1 Kg5 58. Kd1 Kf4 59. Kc1 Nd6 60. Rh6 Ke3 61. Rxd6 1-0

[Event "ESCC-50 2022"]
[Site "Lublin"]
[Date "2022.07.12"]
[Round "8.7"]
[White "Puroila, Sippo"]
[Black "Padrak, Rafal"]
[Result "1/2-1/2"]
[ECO "A11"]
[WhiteElo "1803"]
[BlackElo "2125"]
[Annotator "ChessBase"]
[PlyCount "92"]
[EventDate "2022.07.05"]
[EventType "swiss"]
[EventCountry "POL"]
[SourceTitle "playchess.com"]
[Source "ChessBase"]
[SourceQuality "1"]
[TimeControl "40/5400+30:1800+30"]

1. c4 c6 2. Nf3 d5 3. cxd5 cxd5 4. d4 Nc6 5. Nc3 Nf6 6. Bg5 e6 7. e3 Be7 8. Be2 O-O 9. O-O a6 10. a3 b5 11. b4 Bb7 12. Qd3 Ne4 13. Bxe7 Qxe7 14. Ne5 Nxe5 15. dxe5 Qc7 16. Nxe4 dxe4 17. Qd6 Qxd6 18. exd6 Rfd8 19. Rfd1 Rac8 20. a4 bxa4 21. Rxa4 Rc6 22. b5 axb5 23. Bxb5 Rcxd6 24. Rxd6 Rxd6 25. g3 Rb6 26. Be2 g5 27. Ra5 h6 28. Rb5 Rxb5 29. Bxb5 f5 30. Kg2 Kf7 31. Bc4 Ke7 32. Bb5 Kd6 33. Bc4 Bd5 34. Ba6 Kc5 35. h3 Kb4 36. Bc8 f4 37. gxf4 gxf4 38. exf4 e3+ 39. Kf1 Bg2+ 40. Ke2 exf2 41. Kxf2 Bxh3 42. Kg3 Bf5 43. Kh4 Kc5 44. Kh5 Kd4 45. Kxh6 Ke4 46. Kg5 Bh3 1/2-1/2

[Event "ESCC-50 2022"]
[Site "Lublin"]
[Date "2022.07.12"]
[Round "8.8"]
[White "Pietinen, Pekka"]
[Black "Kirszenberg, Marc"]
[Result "1/2-1/2"]
[ECO "B13"]
[WhiteElo "1937"]
[BlackElo "2056"]
[Annotator "ChessBase"]
[PlyCount "42"]
[EventDate "2022.07.05"]
[EventType "swiss"]
[EventCountry "POL"]
[SourceTitle "playchess.com"]
[Source "ChessBase"]
[SourceQuality "1"]
[TimeControl "40/5400+30:1800+30"]

1. e4 c6 2. d4 d5 3. exd5 cxd5 4. c4 Nf6 5. Nc3 Nc6 6. Nf3 Be6 7. c5 g6 8. Bb5 Bg7 9. O-O O-O 10. Bxc6 bxc6 11. Re1 Bg4 12. h3 Bxf3 13. Qxf3 Nd7 14. Qd3 e5 15. Be3 Qh4 16. Ne2 Rfe8 17. Rac1 a5 18. b3 Re6 19. Qd2 Qe7 20. dxe5 Bxe5 21. Nd4 Bxd4 1/2-1/2

[Event "ESCC-50 2022"]
[Site "Lublin"]
[Date "2022.07.12"]
[Round "8.9"]
[White "Krzyzanowski, Wojciech"]
[Black "Warnk, Torsten"]
[Result "0-1"]
[ECO "C17"]
[WhiteElo "1878"]
[BlackElo "1763"]
[Annotator "NA"]
[PlyCount "72"]
[EventDate "2022.07.05"]
[EventType "swiss"]
[EventCountry "POL"]
[SourceTitle "playchess.com"]
[Source "ChessBase"]
[SourceQuality "1"]
[TimeControl "40/5400+30:1800+30"]

1. e4 e6 2. d4 d5 3. Nc3 Bb4 4. e5 c5 5. a3 cxd4 6. axb4 dxc3 7. Nf3 cxb2 8. Bxb2 Ne7 9. Bd3 Bd7 10. b5 Ng6 11. h4 f5 12. g4 O-O 13. gxf5 exf5 14. Qd2 Be6 15. Ng5 Qd7 16. h5 Ne7 17. f4 h6 18. Nf3 Qe8 19. Nd4 Nc8 20. Ba3 Rf7 21. Qg2 Rc7 22. Nxf5 Bxf5 23. Bxf5 Ne7 24. Be6+ Kh8 25. Bd6 Rc4 26. Rg1 Qf8 27. Bxd5 Rxf4 28. O-O-O Rf2 29. Rdf1 Qf4+ 30. Kb1 Rxg2 31. Bxg2 Qc4 32. Rf8+ Ng8 33. Rxb8 Rxb8 34. Bxb8 Qxb5+ 35. Kc1 Qe2 36. Bxa7 Qxe5 0-1

[Event "ESCC-50 2022"]
[Site "Lublin"]
[Date "2022.07.12"]
[Round "8.10"]
[White "Chlewinski, Artur"]
[Black "Babijczuk, Wojciech"]
[Result "0-1"]
[ECO "B75"]
[WhiteElo "1417"]
[BlackElo "1436"]
[Annotator "NA"]
[PlyCount "80"]
[EventDate "2022.07.05"]
[EventType "swiss"]
[EventCountry "POL"]
[SourceTitle "playchess.com"]
[Source "ChessBase"]
[SourceQuality "1"]
[TimeControl "40/5400+30:1800+30"]

1. e4 c5 2. Nf3 d6 3. d4 cxd4 4. Nxd4 g6 5. Be3 Bg7 6. Nc3 Nf6 7. f3 a6 8. Qd2 Bd7 9. O-O-O b5 10. Bh6 O-O 11. Bxg7 Kxg7 12. g4 Nc6 13. Nxc6 Bxc6 14. h4 b4 15. Nd5 Bxd5 16. exd5 Qa5 17. Kb1 Rac8 18. h5 Ng8 19. Qd4+ f6 20. g5 Qc5 21. gxf6+ Rxf6 22. Qxc5 Rxc5 23. hxg6 hxg6 24. Bxa6 Rxf3 25. b3 Nf6 26. Kb2 Rf2 27. Bc4 Ra5 28. Rd4 Rg2 29. Rhd1 Rc5 30. R1d2 Rxd2 31. Rxd2 Rc7 32. Rd4 g5 33. c3 bxc3+ 34. Kc2 Kh6 35. a4 g4 36. a5 g3 37. a6 Kg5 38. Be2 g2 39. Rd1 Kf4 40. b4 Nxd5 0-1

[Event "ESCC-50 2022"]
[Site "Lublin"]
[Date "2022.07.13"]
[Round "9.2"]
[White "Lasinskas, Povilas"]
[Black "Tereladze, Sopiko"]
[Result "1/2-1/2"]
[ECO "E20"]
[WhiteElo "2096"]
[BlackElo "2141"]
[Annotator "ChessBase"]
[PlyCount "52"]
[EventDate "2022.07.05"]
[EventType "swiss"]
[EventCountry "POL"]
[SourceTitle "playchess.com"]
[Source "ChessBase"]
[SourceQuality "1"]
[TimeControl "40/5400+30:1800+30"]

1. d4 Nf6 2. c4 e6 3. Nc3 Bb4 4. f3 c5 5. d5 d6 6. e4 b5 7. Bd3 Nbd7 8. Nge2 bxc4 9. Bxc4 exd5 10. Bxd5 Nxd5 11. Qxd5 Nb6 12. Qh5 Ba6 13. Bg5 Qd7 14. Kf2 O-O 15. Rad1 Bxc3 16. Nxc3 Nc4 17. Bf4 Nxb2 18. Bxd6 Nxd1+ 19. Rxd1 Rfd8 20. Qxc5 Qe6 21. Rd5 Bb7 22. Bc7 Bxd5 23. exd5 Qc8 24. d6 Re8 25. Nd5 Qe6 26. Ne7+ Kh8 1/2-1/2

[Event "ESCC-50 2022"]
[Site "Lublin"]
[Date "2022.07.13"]
[Round "9.3"]
[White "Leszner, Liliana"]
[Black "Klimaszewski, Dariusz"]
[Result "0-1"]
[ECO "B24"]
[WhiteElo "1872"]
[BlackElo "2152"]
[Annotator "ChessBase"]
[PlyCount "84"]
[EventDate "2022.07.05"]
[EventType "swiss"]
[EventCountry "POL"]
[SourceTitle "playchess.com"]
[Source "ChessBase"]
[SourceQuality "1"]
[TimeControl "40/5400+30:1800+30"]

1. e4 c5 2. Nc3 Nc6 3. g3 Rb8 4. Nf3 g6 5. Bg2 b5 6. O-O Bg7 7. a3 e6 8. d3 Nge7 9. Be3 Nd4 10. e5 Nec6 11. Ne4 O-O 12. Bg5 Qc7 13. Nxd4 Nxd4 14. Be7 Bxe5 15. Bxf8 Kxf8 16. f4 Bg7 17. c3 Nf5 18. Qe1 d5 19. Ng5 b4 20. Nxh7+ Kg8 21. Ng5 bxc3 22. bxc3 Rb3 23. Rc1 Rxa3 24. g4 Ne7 25. Rf3 d4 26. c4 Bb7 27. Ne4 a5 28. Rb1 Bc6 29. Rh3 a4 30. Qh4 Bxe4 31. Bxe4 Rb3 32. Rf1 f5 33. gxf5 exf5 34. Qh7+ Kf8 35. Bd5 a3 36. Rg3 Qd6 37. Rg2 Rb2 38. Re1 Qxf4 39. Rxg6 Qf2+ 40. Kh1 Qxe1+ 41. Rg1 Qxg1+ 42. Kxg1 a2 0-1